 Dungeon Crawl Stone Soup version 0.21.0-24-g2553a33 (webtiles) character file.

119 Gorglomux the Ruffian (level 4, -2/35 HPs)
             Began as a Minotaur Air Elementalist on Jan 20, 2018.
             Slain by a gnoll shaman
             ... wielding a +0 club
              (7 damage)
             ... on level 3 of the Dungeon.
             The game lasted 00:02:56 (3416 turns).

Gorglomux the Ruffian (Minotaur Air Elementalist)   Turns: 3416, Time: 00:02:57

Health: -2/35      AC:  3    Str: 14    XL:     4   Next: 73%
Magic:  1/5        EV: 12    Int: 12    God:
Gold:   109        SH:  0    Dex: 10    Spells: 4/5 levels left

rFire    . . .     SeeInvis .     - Unarmed
rCold    . . .     Gourm    .   (no shield)
rNeg     . . .     Faith    +   a - +0 robe
rPois    .         Spirit   .   (helmet restricted)
rElec    .         Reflect  .   (no cloak)
rCorr    .         Harm     .   q - +0 pair of gloves
MR       .....                  (no boots)
Stlth    ++........             v - amulet of faith
HPRegen  0.11/turn              (no ring)
MPRegen  0.09/turn              (no ring)

@: very slightly contaminated
A: retaliatory headbutt, horns 2
a: no special abilities


You were on level 3 of the Dungeon.
You were very hungry.

You visited 1 branch of the dungeon, and saw 4 of its levels.

You collected 109 gold pieces.

Inventory:

Armour
 a - a +0 robe (worn)
 p - a +0 chain mail
 q - a +0 pair of gloves (worn)
Jewellery
 v - an amulet of faith (around neck)
Wands
 o - a wand of flame (16)
Scrolls
 d - 2 scrolls of magic mapping {unknown}
 g - a scroll of noise {unknown}
 i - a scroll of enchant weapon {unknown}
 j - a scroll of remove curse {unknown}
 k - 2 scrolls of teleportation {unknown}
 n - a scroll of fog {unknown}
 s - a scroll of amnesia {unknown}
 t - 2 scrolls of immolation {unknown}
 R - 3 scrolls of identify
Books
 b - a book of Air

   Spells                             Type                      Level
   a - Shock                          Conjuration/Air              1
   b - Swiftness                      Charms/Air                   2
   c - Static Discharge               Conjuration/Air              3
   d - Airstrike                      Air                          4
   e - Lightning Bolt                 Conjuration/Air              5
Comestibles
 c - 7 rations


   Skills:
 + Level 1.3 Fighting
 + Level 1.3 Armour
 - Level 2.1 Dodging
 - Level 1.5 Stealth
 + Level 4.3 Unarmed Combat
 - Level 1.3 Spellcasting
 - Level 0.6 Conjurations
 - Level 2.1 Air Magic


You had 4 spell levels left.
You knew the following spells:

 Your Spells              Type           Power        Failure   Level  Hunger
a - Shock                 Conj/Air       #...         17%         1    ##.....


Dungeon Overview and Level Annotations

Branches:
Dungeon (4/15)
 Temple: D:4-7

Altars:
Hepliaklqana
Ru
The Shining One


Innate Abilities, Weirdness & Mutations

You reflexively headbutt those who attack you in melee.
You have a pair of horns on your head.


Message History

Aiming: Shock
Press: ? - help, Shift-Dir - straight line That beam is likely to hit you!
Continue anyway?
The zap misses the gnoll shaman!
The zap hits the gnoll shaman!
The gnoll shaman is heavily wounded!
The butt misses you! The gnoll shaman hits you with a club!
You beat the gnoll shaman but do no damage!
Your headbutt misses the gnoll shaman!
The gnoll shaman is heavily wounded!
You beat the gnoll shaman into a bloody pulp!
The gnoll shaman is heavily wounded!
The gnoll shaman hits you with a club! * * * don't die
* * * You aren't carrying any potions!
The gnoll shaman hits you with a club! * * * don't die
* * * The gnoll butt misses you!
You furiously retaliate!!!
You headbutt the gnoll shaman!
The gnoll shaman hits you with a club!!! rip

######.###.....................
#...........#..###.###....>.##.
#.............[..#.# ######.##.
#...........#.[<.#.# #.....
#############....### ##..##.
#..#.## #...... #.##.# #...##.
#.##g#### #...##. #..@....#
#......
#####.############......
#.......................
#.###.######.#.##....... #.#
#.#....g....(....... #.#
#.#g##.............. #g#
#.#.#..#.#####....## #.#
#.#.#..#.#####....## #.#
#.#.#..#...)........


You could see a gnoll shaman.

Vanquished Creatures
  Ijyb (D:3)
  A gnoll (D:4)
  3 adders (D:3)
  3 dart slugs
  2 leopard geckos
  2 giant cockroaches
  8 goblins
  10 hobgoblins
  5 kobolds
  2 quokkas
  2 bats
  3 frilled lizards
  5 rats
47 creatures vanquished.

Notes
Turn   | Place    | Note
-------+----------+-------------------------------------------
     0 | D:1      | Gorglomux the Minotaur Air Elementalist began the quest for the Orb.
     0 | D:1      | Reached XP level 1. HP: 14/14 MP: 1/1
    31 | D:1      | Reached skill level 1 in Unarmed Combat
   144 | D:1      | Reached XP level 2. HP: 18/20 MP: 3/3
   230 | D:1      | Reached skill level 2 in Unarmed Combat
  1542 | D:2      | Reached skill level 3 in Unarmed Combat
  1542 | D:2      | Reached XP level 3. HP: 15/26 MP: 4/4
  2041 | D:2      | Found a hazy altar of Hepliaklqana.
  2043 | D:2      | Found a glowing golden altar of the Shining One.
  2175 | D:3      | Noticed Ijyb
  2196 | D:3      | Killed Ijyb
  2196 | D:3      | Reached skill level 4 in Unarmed Combat
  2428 | D:3      | Reached XP level 4. HP: 33/33 MP: 5/5
  2947 | D:3      | Reached skill level 1 in Fighting
  3025 | D:3      | Reached skill level 1 in Armour
  3158 | D:4      | Found a sacrificial altar of Ru.
  3416 | D:3      | Slain by a gnoll shaman

Skill      XL: |  1  2  3  4 |
---------------+-------------+-----
Unarmed Combat | 1 3 4 |  4.3
Fighting       | 1 |  1.3
Armour         | 1 |  1.3
Dodging        | |  2.1
Stealth        | |  1.5
Spellcasting   | |  1.3
Conjurations   | |  0.6
Air Magic      | |  2.1

Action                   |  1- 3 |  4- 6 || total
-------------------------+-------+-------++-------
Melee: Unarmed           |    95 |    68 ||   163
       Headbutt          |    11 |     8 ||    19
       Punch             |       |     3 ||     3
 Cast: Shock             |     5 |     4 ||     9
  Use: Potion            |     1 |       ||     1
       Scroll            |       |     1 ||     1
 Stab: Sleeping          |     2 |       ||     2
  Eat: Chunk             |     4 |     3 ||     7
Armor: Robe              |     7 |    10 ||    17
Dodge: Dodged            |    61 |    38 ||    99
